 Dungeon Crawl Stone Soup version 0.29.1-12-g30fa7ad0bf (webtiles) character file.

Game seed: 16496669754850594808

69 RapScallion the Trooper (level 4, 0/40 HPs)
             Began as a Hill Orc Fighter on Jan 19, 2023.
             Slain by an ogre
             ... wielding a +0 giant club
              (29 damage)
             ... on level 3 of the Dungeon.
             The game lasted 00:11:16 (2276 turns).

RapScallion the Trooper (Hill Orc Fighter)          Turns: 2276, Time: 00:11:17

Health: 0/40       AC:  9    Str: 20    XL:     4   Next: 20%
Magic:  4/4        EV:  5    Int:  8    God:
Gold:   193        SH: 13    Dex: 16    Spells: 3/3 levels left

rFire   . . .      SeeInvis .   p - +2 spear (freeze)
rCold   . . .      Faith    .   n - +0 tower shield
rNeg    . . .      Spirit   .   b - +0 scale mail
rPois   .          Reflect  .   (no helmet)
rElec   .          Harm     .   (no cloak)
rCorr   .          Rampage  .   m - +0 pair of gloves
Will    .....                   u - +0 pair of boots
Stlth   ..........              (no amulet)
HPRegen 0.13/turn               q - +6 ring of dexterity
MPRegen 0.09/turn               (no ring)

@: mighty
A: no striking features
a: no special abilities


You were on level 3 of the Dungeon.
You visited 1 branch of the dungeon, and saw 3 of its levels.

You collected 193 gold pieces.

Inventory:

Hand Weapons
 a - a +0 war axe
 l - a +1 whip of electrocution
 p - a +2 spear of freezing (weapon)
Armour
 b - a +0 scale mail (worn)
 m - a +0 pair of gloves (worn)
 n - a +0 tower shield (worn)
 u - a +0 pair of boots (worn)
Jewellery
 q - a +6 ring of dexterity (left hand)
Wands
 r - a wand of roots (8)
Scrolls
 c - a scroll of poison {unknown}
 f - 2 scrolls of immolation
 g - 2 scrolls of fear
 i - a scroll of summoning {unknown}
 t - a scroll of amnesia {unknown}
Potions
 d - a potion of might
 e - a potion of magic {unknown}
 h - a potion of attraction
 j - a potion of haste
 k - 2 potions of lignification
 o - a potion of resistance {unknown}
 s - a potion of curing {unknown}


   Skills:
 + Level 4.1 Fighting
 + Level 3.4(3.6) Axes
 + Level 1.1(2.1) Maces & Flails
 + Level 0.1(1.6) Polearms
 + Level 4.0 Armour
 - Level 0.2 Dodging
 + Level 3.8 Shields


You had 3 spell levels left.
You didn't know any spells.
Your spell library contained the following spells:

 Spells                   Type           Power      Damage    Failure   Level
 Ensorcelled Hibernation  Hex/Ice        0%         N/A       100%        2
 Passwall                 Tmut/Erth      0%         N/A       100%        2
 Gell's Gravitas          Tloc           0%         N/A       100%        3
 Lesser Beckoning         Tloc           0%         N/A       100%        3
 Ozocubu's Armour         Ice            0%         N/A       100%        3
 Swiftness                Air            0%         N/A       100%        3
 Teleport Other           Tloc           0%         N/A       100%        3
 Metabolic Englaciation   Hex/Ice        0%         N/A       100%        5
 Simulacrum               Ice/Necr       0%         N/A       100%        6


Dungeon Overview and Level Annotations

Branches:
Dungeon (3/15)

Altars:
Fedhas
Hepliaklqana
Trog
The Shining One

Shops:
D:1 ?   D:3 *


Message History

Found a buckler.
Found a scroll labelled BICZEANETA.
You see here a +0 buckler.
c - a scroll labelled BICZEANETA
Found a quarterstaff.
You open the door.
Found a stone staircase leading down.
There is an open door here.
There is a stone staircase leading down here.
Found 16 gold pieces.
Found 8 gold pieces.
You now have 181 gold pieces (gained 16).
You now have 189 gold pieces (gained 8).
Found 4 gold pieces.
You see here a +0 mace.
You now have 193 gold pieces (gained 4).
You see here a ball python corpse.
You see here a ball python corpse.
Found an escape hatch in the ceiling.
A ball python comes into view.
The ball python hisses angrily.
You puncture the ball python!
The ball python seems to slow down.
You freeze the ball python.
You kill the ball python!
An ogre comes into view. It is wielding a +0 giant club.
Sorry, you're not good enough to have a special ability.
Reach: p) +2 spear (freeze)
Press: ? - help, Dir - move target, f - ogre
Aim: an ogre, wielding a +0 giant club (about 21% to evade your +2 spear of freezing)
You reach to attack!
You barely miss the ogre. The ogre hits you with a +0 giant club!
You feel very mighty all of a sudden.
You puncture the ogre! You freeze the ogre.
The ogre is heavily wounded.
The ogre barely misses you.
You puncture the ogre! You freeze the ogre.
The ogre is almost dead.
The ogre hits you with a +0 giant club!!
Ouch! That really hurt!
You die...

#.##.#.#.#
#.##...#.#
#.###.##.# ##
#........# ..
#####.#### ###.
#.# ..... #.#
#.#...########.#
#.....O@.......#
####.###########


You could see an ogre.

Vanquished Creatures
  2 adders
  A worm (D:2)
  An orc (D:3)
  5 ball pythons
  4 endoplasms
  5 goblins
  5 hobgoblins
  5 jackals
  A quokka (D:2)
  2 bats
  2 frilled lizards
  4 kobolds
  7 rats
44 creatures vanquished.

Notes
Turn   | Place    | Note
-------+----------+-------------------------------------------
     0 | D:1      | RapScallion the Hill Orc Fighter began the quest for the
                  | Orb.
     0 | D:1      | Reached XP level 1. HP: 19/19 MP: 1/1
   180 | D:1      | You fall into a shaft and drop 1 floor!
   445 | D:1      | Found Vaeguts's Magic Scroll Shop.
   451 | D:1      | Reached XP level 2. HP: 27/27 MP: 2/2
   989 | D:2      | Reached XP level 3. HP: 31/33 MP: 3/3
  1544 | D:3      | Found a bloodstained altar of Trog.
  1551 | D:3      | Found a hazy altar of Hepliaklqana.
  1809 | D:3      | Reached skill level 1 in Maces & Flails
  1856 | D:3      | Reached XP level 4. HP: 39/40 MP: 4/4
  1917 | D:3      | Found a glowing golden altar of the Shining One.
  1959 | D:3      | Found Buoniufra's Assorted Antiques.
  2053 | D:3      | Found a blossoming altar of Fedhas.
  2270 | D:3      | Noticed an ogre
  2276 | D:3      | Slain by an ogre

Illustrated notes

Levels and vault maps discovered:
D:1:      dpeg_arrival_rooms_with_view, layout_basic, serial_shops, shop_statue,
          st_stairs_14
D:2:      layout_loops_ring
D:3:      minmay_spotlight, layout_loops_corners, fedhas_ov_isle_minmay,
          mainiacjoe_overflow_alcove_2, amethyst_overflow_temple_binary,
          okawaru_altar_gauntlet_db, serial_shops, shop

Skill      XL: |  1  2  3 |
---------------+----------+-----
Axes           | 3 |  3.4
Fighting       | 4 |  4.1
Maces & Flails | 1 |  1.1
Armour         | 4 |  4.0
Polearms       | |  0.1
Dodging        | |  0.2
Shields        | |  3.8

Action                   |  1- 3 |  4- 6 || total
-------------------------+-------+-------++-------
Melee: War axe           |    27 |       ||    27
       Whip              |    57 |       ||    57
       Spear             |    25 |    10 ||    35
  Use: Scroll            |     6 |       ||     6
       Potion            |       |     1 ||     1
Armor: Scale mail        |    62 |       ||    62
Dodge: Dodged            |    25 |     2 ||    27
Block: Buckler           |     5 |       ||     5
       Tower shield      |    69 |     1 ||    70
